 Dungeon Crawl Stone Soup version 0.31-a0-675-g238779e (webtiles) character file.

Game seed: 10033188865761152970

42 Rogue the Sneak (level 3, 0/17 HPs)
             Began as a Spriggan Enchanter on Sept 5, 2023.
             Slain by an adder (2 damage)
             ... on level 2 of the Dungeon.
             The game lasted 00:06:51 (1622 turns).

Rogue the Sneak (Spriggan Enchanter)                Turns: 1622, Time: 00:06:52

Health: 0/17       AC:  2    Str:  4    XL:     3   Next: 35%
Magic:  0/8        EV: 17    Int: 18    God:
Gold:   59         SH:  0    Dex: 15    Spells: 0/8 levels left

rFire   . . .        a - +1 dagger
rCold   . . .        (no shield)
rNeg    . . .        b - +0 robe
rPois   .            (helmet restricted)
rElec   .            (no cloak)
rCorr   .            (gloves unavailable)
SInv    +            (boots unavailable)
Will    .....        (no amulet)
Stlth   +++          (no ring)
HPRegen 0.22/turn    (no ring)
MPRegen 0.11/turn

%: no passive effects
@: confusing by touch, attractive, very slightly contaminated, very quick
A: very small, no large weapons, unfitting armour, see invisible, speed 3
a: no special abilities


You were on level 2 of the Dungeon.
You visited 1 branch of the dungeon, and saw 2 of its levels.

You collected 59 gold pieces.

Inventory:

Hand Weapons
 a - a +1 dagger (weapon)
 f - a +0 sling
Armour
 b - a +0 robe (worn)
Scrolls
 g - a scroll of identify {unknown}
Potions
 c - 2 potions of invisibility
 e - a potion of might {unknown}
 h - a potion of heal wounds {unknown}


   Skills:
 * Level 0.8 Fighting
 * Level 1.4 Short Blades
 + Level 2.7 Dodging
 + Level 4.8 Stealth
 + Level 3.1 Spellcasting
 * Level 0.3 Conjurations
 * Level 4.3 Hexes


You couldn't memorise any spells.
You knew the following spells:

 Your Spells              Type           Power      Damage    Failure   Level
a - Ensorcelled Hibernat  Hex/Ice        20%        N/A       10%         2
b - Confusing Touch       Hex            18%        N/A       9%          3
c - Mephitic Cloud        Conj/Pois/Air  3%         N/A       43%         3

Your spell library contained the following spells:

 Spells                   Type           Power      Damage    Failure   Level
 Tukima's Dance           Hex            18%        N/A       9%          3
 Dazzling Flash           Conj/Hex       22%        N/A       19%         3
 Poisonous Vapours        Pois/Air       4%         N/A       24%         2
 Freezing Cloud           Conj/Ice/Air   1%         6-21      99%         5


Dungeon Overview and Level Annotations

Branches:
Dungeon (2/15)

Altars:


Innate Abilities, Weirdness & Mutations

You are very small and have problems with some larger weapons.
You are too small for most types of armour.
You have supernaturally acute eyesight. (SInv)
You cover ground extremely quickly. (Speed+++)


Message History

Aiming: Ensorcelled Hibernation (safe; 10% risk of failure)
Press: ? - help, Shift-Dir - straight line, f - adder
Aim: an adder (wandering, hasn't noticed you, chance to affect: 52%)
The adder resists with significant effort.
Casting: Ensorcelled Hibernation (safe; 10% risk of failure)
Confirm with . or Enter, or press ? or * to list all spells.
Your hands begin to glow red.
The adder bites you.
You closely miss the adder. The adder misses you.
You hit the adder but do no damage. The adder bites you.
Casting: Confusing Touch (extremely dangerous; 9% risk of failure)
Confirm with . or Enter, or press ? or * to list all spells.
Aiming: Ensorcelled Hibernation (safe; 10% risk of failure)
Press: ? - help, Shift-Dir - straight line, f/p - adder
Aim: an adder (chance to confuse on hit: 60%, chance to affect: 52%)
The adder resists with significant effort.
The adder barely misses you.
Casting: Ensorcelled Hibernation (safe; 10% risk of failure)
Confirm with . or Enter, or press ? or * to list all spells.
You don't have enough magic to cast this spell.
Unknown command.
You barely miss the adder. The adder closely misses you.
You miss the adder. The adder misses you. The adder bites you.
You hit the adder but do no damage. The adder barely misses you.
You closely miss the adder. The adder closely misses you.
You closely miss the adder. The adder bites you.
* * * LOW HITPOINT WARNING * * *
Casting: Ensorcelled Hibernation (safe; 10% risk of failure)
Confirm with . or Enter, or press ? or * to list all spells.
Aiming: Ensorcelled Hibernation (safe; 10% risk of failure)
Press: ? - help, Shift-Dir - straight line, f/p - adder
Aim: an adder (chance to confuse on hit: 60%, chance to affect: 52%)
You miscast Ensorcelled Hibernation.
You are very lightly contaminated with residual magic.
Nothing appears to happen.
The adder bites you.
* * * LOW HITPOINT WARNING * * *
The adder barely misses you.
It was a potion of attraction.
You feel attractive to monsters. The adder bites you.
You die...

. #### #.#### ... ..#
#.#... ## ....###.#
#.#.## .# #.....#######
#.#.#
.#.S@......#####.#.##
......
........................
....##
........#.##..#####...##
.##.#
..................#...##
.# #
.#.#......#....##.#.#...
.#
#....#.#..#.#.##.#.###.
#
#.#.......#.#.##...###.
#.######..#.#.##.....#.
..........#.##.....#.


You could see an adder.

Vanquished Creatures
  A gnoll (D:1)
  2 dart slugs (D:1)
  4 endoplasms
  2 giant cockroaches (D:1)
  2 jackals (D:1)
  2 kobolds
  2 quokkas (D:1)
  A ball python (D:1)
  3 frilled lizards (D:1)
  5 goblins (D:1)
  3 rats (D:1)
27 creatures vanquished.

Notes
Turn   | Place    | Note
-------+----------+-------------------------------------------
     0 | D:1      | Rogue the Spriggan Enchanter began the quest for the Orb.
     0 | D:1      | Reached XP level 1. HP: 9/9 MP: 5/5
   256 | D:1      | Reached XP level 2. HP: 13/13 MP: 6/6
   259 | D:1      | Learned a level 2 spell: Ensorcelled Hibernation
   259 | D:1      | Found a faded altar of an unknown god.
   695 | D:1      | Reached XP level 3. HP: 17/17 MP: 5/8
   699 | D:1      | Learned a level 3 spell: Confusing Touch
   703 | D:1      | Learned a level 3 spell: Mephitic Cloud
  1622 | D:2      | Slain by an adder

Illustrated notes

Levels and vault maps discovered:
D:1:      minmay_arrival_five_plusses, layout_basic, basic_ecumenical_altar
D:2:      layout_basic, basic_altar, uniq_terence

Skill      XL: |  1  2 |
---------------+-------+-----
Hexes          | 4 |  4.3
Spellcasting   | 3 |  3.1
Fighting       | |  0.8
Short Blades   | |  1.4
Dodging        | |  2.7
Stealth        | |  4.8
Conjurations   | |  0.3

Action                     || total
---------------------------++-------
  Melee: Dagger            ||    55
   Cast: Ensorcelled Hiber ||    19
         Confusing Touch   ||     2
    Use: Potion            ||     1
   Stab: Sleeping          ||    17
 Armour: Robe              ||    12
  Dodge: Dodged            ||    29

Table legend: (Time is in decaauts)
 A = Elapsed time spent in this place.
 B = Non-inter-level travel time spent in this place.
 C = Inter-level travel time spent in this place.
 D = Time resting spent in this place.
 E = Time spent auto-exploring this place.
 F = Levels seen in this place.
 G = Mean time per level.
                   A        B        C        D        E       F      G
               +--------+--------+--------+--------+--------+-----+--------+
         Total |   1159 |   1069 |     90 |      0 |    868 |   2 |  579.5 |
       Dungeon |   1159 |   1069 |     90 |      0 |    868 |   2 |  579.5 |
               +--------+--------+--------+--------+--------+-----+--------+

Top non-repeatable levels by time:
     D:1: 1069 daAuts
     D:2: 89 daAuts
